 Dungeon Crawl Stone Soup version 0.27.0-1-g7a08968 (webtiles) character file.

Game seed: 3693666814796663676

21008 Bluhz the Severer (level 12, -7/110 HPs)
             Began as a Deep Dwarf Gladiator on Aug 31, 2021.
             Was an Elder of Vehumet.
             Mangled by a tengu warrior (16 damage)
             ... led by a tengu warrior
             ... on level 13 of the Dungeon.
             The game lasted 01:19:26 (11362 turns).

Bluhz the Severer (Deep Dwarf Gladiator)           Turns: 11362, Time: 01:19:27

Health: -7/110     AC: 14    Str: 22    XL:     12   Next: 50%
Magic:  0/0        EV: 18    Int: 16    God:    Vehumet [****..]
Gold:   230        SH:  0    Dex: 20    Spells: 14/22 levels left

rFire    . . .     SeeInvis .   u - +0 executioner's axe (freeze)
rCold    . . .     Faith    .   (shield currently unavailable)
rNeg     . . .     Spirit   .   t - +3 leather armour "Veemano" {Dex+6 Stlth+}
rPois    +         Reflect  .   c - +2 helmet
rElec    .         Harm     .   f - +1 cloak
rCorr    .         Rampage  .   (no gloves)
Will     +....                  (no boots)
Stlth    ++++......             E - amulet of the acrobat
HPRegen  0.00/turn              j - ring of poison resistance
MPRegen  0.07/turn              n - +6 ring of intelligence

@: no status effects
A: damage resistance, heal wounds, sense surroundings 2, no regeneration,
iridescent scales 1
a: Heal Wounds, Renounce Religion


You were on level 13 of the Dungeon.
You worshipped Vehumet.
Vehumet was greatly pleased with you.
You visited 1 branch of the dungeon, and saw 13 of its levels.

You collected 806 gold pieces.
You spent 576 gold pieces at shops.

Inventory:

Hand Weapons
 a - a +1 war axe of flaming
 p - a +4 shortbow
 r - a +0 long sword of flaming
 u - a +0 executioner's axe of freezing (weapon)
 x - a +2 glaive of venom
 y - a +5 dire flail of protection
 B - a +2 spear of flaming
 G - a +0 great sword
Missiles
 d - 3 throwing nets
 o - 199 stones
 v - 214 arrows
Armour
 b - a +0 leather armour
 c - a +2 helmet (worn)
 f - a +1 cloak (worn)
 i - a +0 ring mail
 t - the +3 leather armour "Veemano" (worn) {Dex+6 Stlth+}
   (You took it off an orc on level 5 of the Dungeon)

   Dex:       It affects your dexterity (+6).
   Stlth:     It makes you more stealthy.
 z - a scarf of invisibility
Jewellery
 h - an amulet of faith
 j - a ring of poison resistance (left hand)
 k - an amulet of faith
 l - an amulet of faith
 n - a +6 ring of intelligence (right hand)
 A - a ring of ice
 E - an amulet of the acrobat (around neck)
 M - an amulet of guardian spirit
 R - an amulet of regeneration
Wands
 m - a wand of iceblast (32)
 q - a wand of flame (59)
 C - a wand of acid (9)
 H - a wand of paralysis (7)
 K - a wand of mindburst (10)
 N - a wand of digging (3)
Scrolls
 g - 5 scrolls of noise
 s - a scroll of immolation
 F - 3 scrolls of teleportation
 S - a scroll of amnesia
Potions
 e - 5 potions of flight
 w - 3 potions of attraction
 D - a potion of degeneration
 I - 3 potions of brilliance
 J - a potion of lignification
Miscellaneous
 L - a condenser vane (quivered)


   Skills:
 + Level 7.8 Fighting
 + Level 16.7 Axes
 + Level 2.0 Throwing
 + Level 6.0 Armour
 + Level 8.9 Dodging
 + Level 5.0 Stealth
 + Level 5.7 Spellcasting
 + Level 2.5 Conjurations
 + Level 2.6 Fire Magic
 + Level 0.1 Air Magic
 + Level 5.8 Earth Magic
 + Level 0.4 Evocations


You had 14 spell levels left.
You knew the following spells:

 Your Spells              Type           Power      Damage    Failure   Level
a - Sandblast             Erth           46%        2d11      1%          1
b - Foxfire               Conj/Fire      48%        2x1d6     1%          1
c - Static Discharge      Conj/Air       8%         N/A       4%          2
d - Sticky Flame          Conj/Fire      12%        2d4       16%         4

Your spell library contained the following spells:

 Spells                   Type           Power      Damage    Failure   Level
 Iskenderun's Mystic Bla  Conj/Tloc      8%         2d4       24%         4
 Conjure Flame            Conj/Fire      12%        6-21      4%          3
 Passwall                 Tmut/Erth      10%        N/A       8%          2
 Ignite Poison            Fire/Tmut/Pois 7%         N/A       10%         3
 Lee's Rapid Deconstruct  Erth           11%        3d9*      11%         5
 Animate Skeleton         Necr           8%         N/A       16%         1
 Apportation              Tloc           8%         N/A       16%         1
 Corona                   Hex            4%         N/A       16%         1
 Summon Small Mammal      Summ           16%        N/A       16%         1
 Corpse Rot               Necr/Air       N/A        N/A       24%         2
 Ensorcelled Hibernation  Hex/Ice        8%         N/A       24%         2
 Swiftness                Air            5%         N/A       41%         3
 Tukima's Dance           Hex            4%         N/A       43%         3
 Dispel Undead            Necr           4%         3d7       85%         4
 Death Channel            Necr           2%         N/A       100%        6
 Invisibility             Hex            2%         N/A       100%        6


Dungeon Overview and Level Annotations

Branches:
Dungeon (13/15)            Temple (0/1) D:6            Lair (0/6) D:9
    Orc (0/2) D:12
 Vaults: D:13-14

Altars:
Gozag
Okawaru
Ru
Sif Muna
Uskayaw
Vehumet
Zin
The Shining One

Shops:
D:2 *   D:4 *   D:5 ?   D:10 *   D:11 *!!:*

Portals:
Sewer: D:3

Annotations:
D:4 Blork the orc
D:6 Maggie
D:11 2 transporters
D:12 Fannar


Innate Abilities, Weirdness & Mutations

You are resistant to damage.
You can heal yourself by infusing magical energy.
You passively map the area around you.
You do not regenerate.
You are partially covered in iridescent scales. (AC +2)


Message History

Really quaff the potion of mutation? [Y]es or [N]o only, please.
Really quaff the potion of mutation?
You feel extremely strange.
Your iridescent scales disappear.
Iridescent scales grow over part of your body.
The tengu warrior shoots an arrow.
The arrow hits you!!
* * * LOW HITPOINT WARNING * * *
The two-headed ogre closely misses you.
The two-headed ogre completely misses you.
The tengu warrior unwields a +0 longbow.
The tengu warrior wields a +0 great mace.
The tengu warrior hits you with a +0 great mace!
* * * LOW HITPOINT WARNING * * *
The tengu warrior closely misses you.
The tengu warrior completely misses you.
Items here: ) ? [[ †.
You barely miss the tengu warrior. You barely miss the two-headed ogre.
The two-headed ogre barely misses you. x2
The tengu warrior hits you with a +0 great mace.
* * * LOW HITPOINT WARNING * * *
The tengu warrior pecks you but does no damage.
The tengu warrior completely misses you.
You closely miss the tengu warrior. You hit the two-headed ogre.
You freeze the two-headed ogre.
The tengu warrior hits you but does no damage.
The tengu warrior barely misses you. The tengu warrior claws you.
The two-headed ogre barely misses you. The two-headed ogre closely misses you.
You slice the tengu warrior!! You freeze the tengu warrior.
The tengu warrior is heavily wounded.
You hit the two-headed ogre. You freeze the two-headed ogre.
The tengu warrior misses you. The tengu warrior barely misses you.
The tengu warrior claws you.
The two-headed ogre hits you with a +0 giant club.
The two-headed ogre completely misses you.
You barely miss the tengu warrior.
The tengu warrior is heavily wounded.
You barely miss the two-headed ogre.
The tengu warrior hits you with a +0 great mace!!
You die...

,,,,,,,,,,,#.....,,,,#,,,,,**,,,,
,,,,,,,,,,,#....#***.+,,,,,,,,,,,
,,,,,,,,,,,#....####.#,,,,,,,,,,,
,,,,,,,,,,,#.........#,,,,,,,,,,,
,,,,,,,,,,,#.........#,,,,,,,,,,,
####+#######.........######******
...........................,,,,,,
................O..........,,,,,,
..........###...@Q.........,,,,,,
..........# #..####/.......,,***,
..####....# #..# #........,,* *,
..# #....# #..#**#........,,* *,
..# #....# #...,,....Q....,,* *,
..####....###....,J...|....,,***,
...........................,,,,,,
###########################******


You could see a tengu warrior and a two-headed ogre.

Vanquished Creatures
  Jorgrun (D:12)
  Erolcha (D:12)
  2 two-headed ogres (D:12)
  A centaur warrior (D:13)
  A tengu warrior (D:13)
  A manticore (D:12)
  A cyclops (D:12)
  An unseen horror (D:12)
  Psyche (D:9)
  A troll (D:11)
  Prince Ribbit (D:9)
  13 slime creatures
  2 wraiths
  2 shadows
  4 fire bats (D:9)
  A wyvern (D:10)
  21 yaks
  A steam dragon (D:9)
  2 vampire mosquitoes (D:12)
  Menkaure (D:6)
  Edmund (D:6)
  A warg (D:9)
  A hell hound (D:9)
  A water moccasin (D:8)
  A sky beast (D:6)
  8 orc warriors
  3 ice beasts
  2 black bears
  3 ogres
  A necrophage (D:4)
  A phantom (D:12)
  9 centaurs
  2 bullfrogs
  3 gnoll sergeants
  3 scorpions
  13 killer bees
  3 troll zombies (D:12)
  3 wights (D:7)
  5 centaur zombies
  2 lava snakes (D:9)
  A bullfrog zombie (D:7)
  4 jellies
  4 hounds
  8 orc priests
  2 bullfrog skeletons
  Natasha (thrice) (D:4)
  5 iguanas
  13 orc wizards
  A killer bee zombie (D:8)
  5 ogre zombies (D:12)
  A hound zombie (D:5)
  3 hound skeletons
  A howler monkey zombie (D:6)
  14 gnolls
  3 adders
  2 white imps
  A worm (D:2)
  2 dart slugs
  23 orcs
  8 endoplasms
  A giant cockroach (D:4)
  10 goblins
  3 hobgoblins
  2 jackals (D:4)
  7 kobolds
  2 quokkas
  10 ball pythons
  6 bats
  3 frilled lizards (D:1)
  2 goblin skeletons (D:12)
  3 goblin zombies (D:12)
  A hobgoblin skeleton (D:12)
  2 orc skeletons (D:12)
  16 orc zombies (D:12)
  11 rats
  A fire vortex (D:9)
  A foxfire (D:7)
310 creatures vanquished.

Vanquished Creatures (others)
  A fire vortex (D:9)
  104 foxfires
  10 plants
115 creatures vanquished.

Grand Total: 425 creatures vanquished

Notes
Turn   | Place    | Note
-------+----------+-------------------------------------------
     0 | D:1      | Bluhz the Deep Dwarf Gladiator began the quest for the Orb.
     0 | D:1      | Reached XP level 1. HP: 19/19 MP: 1/1
    68 | D:1      | Reached XP level 2. HP: 17/26 MP: 2/2
   806 | D:1      | Reached XP level 3. HP: 21/32 MP: 3/3
   881 | D:2      | Found Xuusoywe's General Store.
  1781 | D:3      | Found a radiant altar of Vehumet.
  1812 | D:3      | Became a worshipper of Vehumet
  1922 | D:3      | Found a glowing drain.
  1948 | D:3      | Reached skill level 1 in Armour
  1952 | D:3      | Reached skill level 4 in Axes
  1957 | D:3      | Reached XP level 4. HP: 16/39 MP: 4/4
  2259 | D:3      | Found a faded altar of an unknown god.
  2407 | D:4      | Found Siog's CLEARANCE SALE! EVERYTHING MUST GO!.
  2415 | D:4      | Bought a scroll of identify for 10 gold pieces
  2454 | D:4      | Noticed Blork the orc
  2464 | D:4      | Found a shimmering blue altar of Sif Muna.
  2533 | D:4      | Noticed Natasha
  2540 | D:4      | Reached skill level 5 in Axes
  2541 | D:4      | Killed Natasha
  2542 | D:4      | Reached XP level 5. HP: 45/45 MP: 5/5
  2842 | D:4      | Reached XP level 6. HP: 44/55 MP: 6/6
  2843 | D:4      | Reached * piety under Vehumet
  2843 | D:4      | Offered knowledge of Sandblast by Vehumet.
  2847 | D:4      | Learned a level 1 spell: Sandblast
  2856 | D:4      | Reached skill level 6 in Axes
  2925 | D:4      | Noticed Natasha
  2933 | D:4      | Killed Natasha
  3044 | D:4      | Noticed Natasha
  3049 | D:4      | Killed Natasha
  3268 | D:5      | Entered Level 5 of the Dungeon
  3297 | D:5      | Reached XP level 7. HP: 44/61 MP: 7/7
  3332 | D:5      | Reached skill level 1 in Spellcasting
  3335 | D:5      | Reached skill level 7 in Axes
  3370 | D:5      | Identified the +3 leather armour "Veemano" {Dex+6 Stlth+}
  3375 | D:5      | Found Geanef's Magic Scroll Emporium.
  3387 | D:5      | Reached skill level 5 in Dodging
  3387 | D:5      | Reached skill level 1 in Earth Magic
  3486 | D:5      | Offered knowledge of Foxfire by Vehumet.
  3499 | D:5      | Learned a level 1 spell: Foxfire
  3533 | D:5      | Reached ** piety under Vehumet
  3697 | D:5      | Reached XP level 8. HP: 59/69 MP: 6/9
  3766 | D:5      | Found an opulent altar of Gozag.
  4138 | D:6      | Reached skill level 1 in Stealth
  4204 | D:6      | Found a hide-covered altar of Uskayaw.
  4227 | D:6      | Reached skill level 8 in Axes
  4248 | D:6      | HP: 2/69 [centaur/arrow (7)]
  4269 | D:6      | Reached skill level 1 in Fire Magic
  4432 | D:6      | Noticed Menkaure
  4433 | D:6      | Noticed Edmund
  4455 | D:6      | Killed Edmund
  4456 | D:6      | Killed Menkaure
  4521 | D:6      | Found a staircase to the Ecumenical Temple.
  4617 | D:6      | Noticed a cyclops
  4618 | D:6      | Noticed Maggie
  4695 | D:7      | Offered knowledge of Static Discharge by Vehumet.
  4878 | D:7      | Reached skill level 1 in Conjurations
  4878 | D:7      | Gained mutation: You passively map the area around you.
                  | [Deep Dwarf growth]
  4878 | D:7      | Reached XP level 9. HP: 56/78 MP: 4/10
  5000 | D:7      | Reached skill level 9 in Axes
  5237 | D:7      | Reached *** piety under Vehumet
  5914 | D:8      | Found a glowing silver altar of Zin.
  5961 | D:8      | Found a sacrificial altar of Ru.
  5961 | D:8      | Found an iron altar of Okawaru.
  5985 | D:8      | Learned a level 2 spell: Static Discharge
  6095 | D:8      | Noticed an eight-headed hydra
  6176 | D:8      | Found a flagged portal.
  6189 | D:8      | Offered knowledge of Olgreb's Toxic Radiance by Vehumet.
  6755 | D:9      | Noticed Prince Ribbit
  6802 | D:9      | Reached skill level 10 in Axes
  6807 | D:9      | Killed Prince Ribbit
  7012 | D:9      | Reached skill level 5 in Fighting
  7016 | D:9      | Reached **** piety under Vehumet
  7071 | D:9      | Reached XP level 10. HP: 63/88 MP: 13/13
  7078 | D:9      | Offered knowledge of Dazzling Flash by Vehumet.
  7204 | D:9      | Noticed Psyche
  7214 | D:9      | Killed Psyche
  7322 | D:9      | Found a staircase to the Lair.
  7490 | D:9      | Reached skill level 5 in Armour
  7599 | D:9      | Reached skill level 11 in Axes
  7687 | D:9      | Found a glowing golden altar of the Shining One.
  7933 | D:9      | Gained mutation: You are partially covered in iridescent
                  | scales. (AC +2) [potion of mutation]
  7993 | D:10     | Entered Level 10 of the Dungeon
  8066 | D:10     | Found Bage's Overcharged Wands.
  8334 | D:10     | Reached skill level 5 in Earth Magic
  8340 | D:10     | Reached ***** piety under Vehumet
  8340 | D:10     | Offered knowledge of Iskenderun's Mystic Blast by Vehumet.
  8341 | D:10     | Reached skill level 12 in Axes
  8391 | D:10     | Learned a level 4 spell: Sticky Flame
  8443 | D:10     | Reached XP level 11. HP: 87/97 MP: 12/12
  8605 | D:10     | Reached skill level 13 in Axes
  8605 | D:10     | Reached skill level 5 in Spellcasting
  9212 | D:11     | Found Nicropel's Assorted Antiques.
  9301 | D:11     | Bought a potion of curing for 93 gold pieces
  9301 | D:11     | Bought a potion of curing for 93 gold pieces
  9339 | D:11     | Noticed a cyan ugly thing
  9450 | D:11     | Found Vehalim's Elemental Accessories.
  9521 | D:11     | Found Agajoti's Book Shoppe.
  9558 | D:11     | Found a transporter.
  9580 | D:11     | Noticed a rakshasa
  9581 | D:11     | Noticed a skeletal warrior
  9585 | D:11     | Found a transporter.
  9585 | D:11     | Found Zeyghaun's Distillery.
  9592 | D:11     | Found Qecian's Distillery.
  9610 | D:11     | Bought a potion of curing for 42 gold pieces
  9610 | D:11     | Bought a potion of heal wounds for 70 gold pieces
  9610 | D:11     | Bought a potion of heal wounds for 70 gold pieces
  9618 | D:11     | Bought 2 potions of heal wounds for 110 gold pieces
  9618 | D:11     | Bought a potion of curing for 33 gold pieces
  9618 | D:11     | Bought a potion of heal wounds for 55 gold pieces
  9722 | D:11     | Reached skill level 14 in Axes
  9776 | D:11     | Noticed a fire giant
  9902 | D:12     | Noticed a purple ugly thing
  9922 | D:12     | Noticed a two-headed ogre
  9933 | D:12     | Killed a two-headed ogre
  9937 | D:12     | Noticed Jorgrun
  9937 | D:12     | Noticed Fannar
 10236 | D:12     | Found a staircase to the Orcish Mines.
 10279 | D:12     | Killed Jorgrun
 10280 | D:12     | Reached skill level 15 in Axes
 10390 | D:12     | Reached XP level 12. HP: 38/109 MP: 4/8
 10469 | D:12     | Noticed a two-headed ogre
 10490 | D:12     | Killed a two-headed ogre
 10491 | D:12     | Reached skill level 16 in Axes
 10500 | D:12     | Noticed Erolcha
 10556 | D:12     | Killed Erolcha
 11073 | D:13     | Identified a scroll of acquirement
 11073 | D:13     | Acquired a +0 executioner's axe of freezing
 11129 | D:13     | Noticed a centaur warrior
 11151 | D:13     | Killed a centaur warrior
 11198 | D:13     | Reached skill level 5 in Stealth
 11334 | D:13     | Noticed a tengu warrior
 11340 | D:13     | Noticed a tengu warrior
 11341 | D:13     | Noticed a two-headed ogre
 11351 | D:13     | Killed a tengu warrior
 11357 | D:13     | Lost mutation: You are partially covered in iridescent
                  | scales. (AC +2) [potion of mutation]
 11357 | D:13     | Gained mutation: You are partially covered in iridescent
                  | scales. (AC +2) [potion of mutation]
 11362 | D:13     | Mangled by a tengu warrior

Illustrated notes

Levels and vault maps discovered:
D:1:      lemuel_arrival_funnel, layout_basic, ebering_dispersal_statue_hall,
          minmay_misc_feat_secret_circle, bh_walls_and_bars
D:2:      layout_basic, serial_shops, nicolae_shop_window_shopping
D:3:      layout_loops_ring, nicolae_vehumet_radiance, gup_sewer_entry_glass,
          shapermc_ecumenical_altar_mp_highgroup
D:4:      layout_basic, tgw_sif, nicolae_shop_clearance, uniq_natasha
D:5:      layout_basic, grunt_gozag_statues, serial_shops, shop
D:6:      layout_cave_pools, nicolae_uskayaw_murder_on_the_dancefloor,
          minmay_temple_entry_antechambers, palyth_stone_intersect,
          serial_bayou_pond_d, uniq_maggie, uniq_menkaure, uniq_edmund
D:7:      layout_cave_pods, st_stairs_12, hangedman_decor_clover_reticule,
          kennysheep_generic_room_13
D:8:      layout_basic, mainiacjoe_overflow_six_doors_small,
          gammafunk_temple_overflow_pools, enter_bailey_3, moated_statue
D:9:      layout_roguey, overflow_temple_1_default, erik_lair_orcish_takeover,
          chequers_serial_rivers_room_a, hangedman_incinerator, uniq_psyche,
          uniq_prince_ribbit1
D:10:     layout_irregular_city, mrwooster_statue_mirror,
          nicolae_shop_overcharged_wands
D:11:     layout_long_grid, gammafunk_ghost_abyssal_escape, serial_shops, shop,
          nicolae_square_shop, nicolae_shop_stone, nicolae_shop_behind_doors,
          shop, nicolae_elemental_shop, serial_bayou_pond_c,
          kennysheep_just_a_vault
D:12:     layout_cave_pods, zombieorc2_lemuel, drop_trap, uniq_erolcha,
          uniq_jorgrun, uniq_fannar
D:13:     layout_stronghold

Skill      XL: |  1  2  3  4  5  6  7  8  9 10 11 12 |
---------------+-------------------------------------+-----
Throwing       | 2 |  2.0
Fighting       | 2 3 5 7 |  7.8
Dodging        | 4 5 6 7 8 |  8.9
Armour         | 1 2 3 4 5 6 |  6.0
Axes           | 4 5 6 7 8 10 12 15 16 | 16.7
Spellcasting   | 1 2 4 5 |  5.7
Earth Magic    | 1 2 4 5 |  5.8
Stealth        | 1 2 3 4 5 |  5.0
Fire Magic     | 1 2 |  2.6
Conjurations   | 1 2 |  2.5
Air Magic      | |  0.1
Evocations     | |  0.4

Action                   |  1- 3 |  4- 6 |  7- 9 | 10-12 || total
-------------------------+-------+-------+-------+-------++-------
Melee: War axe           |   135 |    83 |   291 |   424 ||   933
       Executioner's axe |       |       |       |    52 ||    52
Throw: Throwing net      |     1 |       |       |       ||     1
 Cast: Sandblast         |       |     5 |    48 |    24 ||    77
       Foxfire           |       |       |    48 |    23 ||    71
       Static Discharge  |       |       |     1 |     3 ||     4
       Sticky Flame      |       |       |       |    10 ||    10
 Abil: Heal Wounds       |       |     4 |    17 |    37 ||    58
Evoke: Wand              |       |       |       |     1 ||     1
  Use: Potion            |     2 |     6 |     9 |    20 ||    37
       Scroll            |       |    10 |     9 |     6 ||    25
 Stab: Sleeping          |       |       |     1 |     3 ||     4
       Distracted        |       |       |     1 |       ||     1
Armor: Leather armour    |    24 |       |    94 |   196 ||   314
       Ring mail         |    24 |    21 |    40 |       ||    85
Dodge: Dodged            |    95 |    61 |   314 |   473 ||   943
